 Seeded DCSS version 0.27-a0-1105-g946c659c87 (webtiles) character file.

Game seed: 6977078556981073031 (custom seed)

9207 bronco the Destroyer (level 11, 0/82 HPs)
             Began as a Demigod Conjurer on May 1, 2021.
             Slain by Sonja
             ... wielding a +0 dagger of distortion
              (2 damage)
             ... on level 2 of the Lair of Beasts.
             The game lasted 00:49:59 (9607 turns).

bronco the Destroyer (Demigod Conjurer)             Turns: 9607, Time: 00:50:00

Health: 0/82       AC:  8    Str: 16    XL:     11   Next: 0%
Magic:  15/28      EV: 13    Int: 30    God:
Gold:   444        SH:  0    Dex: 12    Spells: 10/27 levels left

rFire    . . .     SeeInvis .   b - +7 flail (protect)
rCold    . . .     Faith    .   (no shield)
rNeg     . . .     Spirit   .   I - +1 steam dragon scales
rPois    +         Reflect  .   (no helmet)
rElec    .         Harm     .   s - +0 cloak
rCorr    .         Rampage  .   (no gloves)
Will     +....                  (no boots)
Stlth    +++.......             g - amulet of magic regeneration
HPRegen  0.23/turn              p - +6 ring of intelligence
MPRegen  0.46/turn              A - ring of poison resistance

@: no status effects
A: high mp 1, forlorn
a: no special abilities


You were on level 2 of the Lair of Beasts.
You visited 2 branches of the dungeon, and saw 10 of its levels.

You collected 444 gold pieces.

Inventory:

Hand Weapons
 b - a +7 flail of protection (weapon)
 h - a +0 whip of electrocution
 E - a +0 whip of freezing
Missiles
 f - 309 stones
 l - 19 boomerangs
 x - 25 poisoned darts
Armour
 a - a +0 robe
 q - a +0 leather armour
 s - a +0 cloak (worn)
 I - +1 steam dragon scales (worn)
Jewellery
 g - an amulet of magic regeneration (around neck)
 p - a +6 ring of intelligence (left hand)
 A - a ring of poison resistance (right hand)
 K - a ring of flight
Wands
 B - a wand of charming (8)
 C - a wand of iceblast (16)
 G - a wand of paralysis (13)
 J - a wand of mindburst (19)
Scrolls
 c - 2 scrolls of enchant armour
 d - 2 scrolls of immolation
 m - a scroll of fear
 u - 2 scrolls of teleportation
 w - 3 scrolls of magic mapping
 H - a scroll of amnesia
Potions
 e - a potion of might {unknown}
 i - a potion of lignification {unknown}
 j - a potion of invisibility
 k - 3 potions of flight
 n - a potion of brilliance {unknown}
 o - 2 potions of curing
 t - 2 potions of haste
 z - 3 potions of attraction
 D - 4 potions of ambrosia
 F - a potion of mutation {unknown}
 L - a potion of cancellation {unknown}


   Skills:
 + Level 3.4 Fighting
 + Level 5.5 Maces & Flails
 - Level 4.3 Armour
 + Level 4.6 Dodging
 + Level 4.7 Stealth
 + Level 8.7 Spellcasting
 + Level 9.2 Conjurations
 - Level 1.3 Fire Magic


You had 10 spell levels left.
You knew the following spells:

 Your Spells              Type           Power      Damage    Failure   Level
a - Magic Dart            Conj           100%       1d8       1%          1
b - Searing Ray           Conj           100%       3d7       1%          2
c - Dazzling Flash        Conj/Hex       80%        N/A       1%          3
d - Iskenderun's Mystic   Conj/Tloc      40%        2d9       6%          4
e - Conjure Flame         Conj/Fire      44%        6-21      1%          3
f - Blink                 Tloc           N/A        N/A       6%          2
g - Call Imp              Summ           13%        N/A       6%          2

Your spell library contained the following spells:

 Spells                   Type           Power      Damage    Failure   Level
 Mephitic Cloud           Conj/Pois/Air  31%        N/A       3%          3
 Corona                   Hex            14%        N/A       4%          1
 Freeze                   Ice            52%        1d7       4%          1
 Ensorcelled Hibernation  Hex/Ice        26%        N/A       6%          2
 Slow                     Hex            13%        N/A       6%          2
 Fulminant Prism          Conj/Hex       20%        3d13      6%          4
 Hailstorm                Conj/Ice       40%        3d10      6%          4
 Inner Flame              Hex/Fire       16%        N/A       10%         3
 Confusing Touch          Hex            13%        N/A       12%         3
 Frozen Ramparts          Ice            26%        1d4       12%         3
 Ozocubu's Armour         Ice            13%        N/A       12%         3
 Portal Projectile        Hex/Tloc       26%        N/A       12%         3
 Tukima's Dance           Hex            13%        N/A       12%         3
 Cause Fear               Hex            6%         N/A       36%         4
 Leda's Liquefaction      Hex/Erth       6%         N/A       36%         4
 Metabolic Englaciation   Hex/Ice        6%         N/A       73%         5


Dungeon Overview and Level Annotations

Branches:
Dungeon (8/15)             Temple (0/1) D:6            Lair (2/6) D:8
  Swamp: Lair:2-4    Shoals: Lair:2-4     Snake: Lair:2-4    Spider: Lair:2-4

Shops:
D:6 *

Annotations:
Lair:2 Sonja


Innate Abilities, Weirdness & Mutations

Your attributes grow dramatically as you level up.
You have an increased reservoir of magic. (+10% MP)
You shall have no god before yourself.


Message History

Confirm with . or Enter, or press ? or * to list all spells.
Aiming: Searing Ray (safe; 1% risk of failure)
Press: ? - help, Shift-Dir - straight line, f - wolf
Aim: a wolf (72% to hit)
The searing ray hits the wolf.
The wolf is lightly wounded.
The searing ray hits the wolf!
You kill the wolf! (Press . to maintain the ray.)
The wolf barely misses you.
The searing ray hits the wolf!
The wolf is heavily wounded.
The searing ray hits Sonja!
Sonja is heavily wounded.
The wolf barely misses you. The wolf closely misses you.
The searing ray hits the wolf!
The wolf is almost dead.
The searing ray misses Sonja.
The wolf completely misses you. The wolf barely misses you.
The searing ray hits the wolf.
You kill the wolf!
The searing ray misses Sonja.
You finish channeling your searing ray.
You have reached level 11!
Casting: Searing Ray (safe; 1% risk of failure)
Confirm with . or Enter, or press ? or * to list all spells.
Sonja hits you with a +0 dagger of distortion.
Space bends around you.
Sonja hits you with a +0 dagger of distortion.
Space warps horribly around you!
Sonja hits you with a +0 dagger of distortion.
Space bends around you.
* * * LOW HITPOINT WARNING * * *
Sonja hits you with a +0 dagger of distortion.
* * * LOW HITPOINT WARNING * * *
Sonja hits you with a +0 dagger of distortion.
* * * LOW HITPOINT WARNING * * *
Space warps horribly around you!
* * * LOW HITPOINT WARNING * * *
Sonja hits you with a +0 dagger of distortion.
You die...

....... .........#
..........# ####
.......^...####.P#
............##....##
.............##.....#
...........†##..##.##
.............K@#####
♣♣............##
≈≈.......>..###
.≈.≈.......##
≈.≈.≈♣...####
≈..≈....###.##
.≈..≈≈.!.....##
≈.≈.≈≈.≈.......P#
.≈.≈..≈.♣.......##


You could see Sonja.

Vanquished Creatures
  4 cane toads
  Maggie (D:6)
  A hornet (D:6)
  6 blink frogs
  11 yaks
  2 wyverns
  A steam dragon (D:6)
  2 basilisks (D:8)
  Edmund (D:4)
  7 water moccasins
  3 black bears
  An orc warrior (D:7)
  A sky beast (D:7)
  2 ice beasts (D:5)
  2 necrophages (D:5)
  3 wolves (Lair:2)
  3 ogres
  3 phantoms
  Blork the orc (D:4)
  4 bullfrogs
  3 scorpions
  5 killer bees (D:6)
  11 wights
  A howler monkey (D:4)
  3 centaur zombies
  A bullfrog zombie (D:5)
  4 hounds
  A jelly (D:6)
  An orc priest (D:7)
  A gnoll shaman (D:6)
  An iguana (D:8)
  An orc wizard (D:7)
  A killer bee zombie (D:8)
  8 gnolls
  13 adders
  An ufetubus (D:5)
  A worm (D:4)
  A dart slug (D:1)
  14 orcs
  8 ball pythons
  3 bats
  8 endoplasms
  5 giant cockroaches
  9 goblins
  7 hobgoblins
  6 jackals (D:1)
  2 quokkas
  2 frilled lizards (D:1)
  3 kobolds
  4 rats
188 creatures vanquished.

Vanquished Creatures (others)
  2 fungi
  14 plants
16 creatures vanquished.

Grand Total: 204 creatures vanquished

Notes
Turn   | Place    | Note
-------+----------+-------------------------------------------
     0 | D:1      | bronco the Demigod Conjurer began the quest for the Orb.
     0 | D:1      | Reached XP level 1. HP: 14/14 MP: 5/5
   364 | D:1      | Reached skill level 4 in Conjurations
   364 | D:1      | Reached XP level 2. HP: 20/20 MP: 2/7
   993 | D:1      | Reached XP level 3. HP: 26/26 MP: 2/8
  1654 | D:2      | Learned a level 2 spell: Searing Ray
  2333 | D:3      | Reached XP level 4. HP: 33/33 MP: 7/10
  3300 | D:4      | Noticed a spectral ugly thing
  3376 | D:4      | Noticed an ogre
  3381 | D:4      | Killed an ogre
  3382 | D:4      | Reached XP level 5. HP: 30/38 MP: 6/13
  3431 | D:4      | Noticed Blork the orc
  3530 | D:4      | Reached skill level 1 in Armour
  3530 | D:4      | Reached XP level 6. HP: 45/45 MP: 8/15
  3711 | D:4      | Noticed Edmund
  3753 | D:4      | Killed Edmund
  3754 | D:4      | Reached skill level 5 in Conjurations
  3818 | D:4      | Killed Blork the orc
  4282 | D:5      | Entered Level 5 of the Dungeon
  4340 | D:5      | Reached XP level 7. HP: 50/50 MP: 11/17
  4393 | D:5      | Learned a level 3 spell: Dazzling Flash
  4574 | D:5      | Reached skill level 5 in Spellcasting
  4592 | D:5      | Reached skill level 1 in Maces & Flails
  4689 | D:5      | Reached XP level 8. HP: 58/58 MP: 15/19
  4726 | D:5      | Reached skill level 6 in Conjurations
  4802 | D:5      | Reached skill level 1 in Fighting
  5223 | D:6      | Found Sodahasm's Assorted Antiques.
  5447 | D:6      | Learned a level 4 spell: Iskenderun's Mystic Blast
  5451 | D:6      | Learned a level 3 spell: Conjure Flame
  5711 | D:6      | Reached XP level 9. HP: 60/64 MP: 16/22
  5989 | D:6      | Found a staircase to the Ecumenical Temple.
  6045 | D:6      | Noticed Maggie
  6060 | D:6      | Killed Maggie
  6294 | D:6      | Reached skill level 7 in Conjurations
  6696 | D:6      | Paralysed by a hornet for 2 turns
  7888 | D:8      | Reached XP level 10. HP: 74/74 MP: 12/25
  7889 | D:8      | Reached skill level 8 in Conjurations
  7967 | D:8      | Found a staircase to the Lair.
  8430 | D:8      | Learned a level 2 spell: Blink
  8433 | D:8      | Learned a level 2 spell: Call Imp
  8434 | Lair:1   | Entered Level 1 of the Lair of Beasts
  8585 | Lair:1   | Reached skill level 5 in Maces & Flails
  8677 | Lair:1   | Reached skill level 1 in Fire Magic
  9043 | Lair:1   | Reached skill level 9 in Conjurations
  9592 | Lair:2   | Noticed Sonja
  9607 | Lair:2   | Reached XP level 11. HP: 56/82 MP: 18/28
  9607 | Lair:2   | HP: 2/82 [Sonja/+0 dagger of distortion (12)]
  9607 | Lair:2   | Slain by Sonja

Illustrated notes

Levels and vault maps discovered:
D:1:      shiori_shiawase, layout_loops_ring,
          hangedman_abyss_or_decor_lesser_grid
D:2:      layout_basic, shapermc_ecumenical_altar_hornbeckon, minivault_27
D:3:      layout_loops_ring, nicolae_overflow_crystal_walls, serial_bayou,
          serial_bayou_pond_c, serial_bayou_pond_e, serial_bayou_crossing,
          serial_bayou_shore_b, minmay_misc_feat_room, st_stairs_12,
          grunt_ministairs_12, chequers_serial_rivers_small_3,
          chequers_decorated_corner
D:4:      layout_layer_cave, regret_index_temple_of_mockery, uniq_edmund,
          uniq_blork_the_orc
D:5:      layout_rooms, lemuel_doored_altar, minmay_overflow_temple_star_quad
D:6:      layout_loops_ring, lemuel_coloured_pillars_altar,
          minmay_temple_entry_stoned_glass, serial_shops, kennysheep_mini,
          st_stairs_4, uniq_maggie
D:7:      layout_cave_pools, nicolae_wu_jian_wuxing_cycle,
          amcnicky_mini_pool_small
D:8:      layout_basic, kennysheep_mini_moat, minmay_lair_entry_grove
Lair:1:   layout_small_grid
Lair:2:   layout_cave_pods, guppyfry_snake_entry_garden,
          nicolae_quartered_pool_little, lemuel_fruit_tree, uniq_sonja

Skill      XL: |  1  2  3  4  5  6  7  8  9 10 |
---------------+-------------------------------+-----
Conjurations   | 4 5 6 7 9 |  9.2
Stealth        | 2 3 4 |  4.7
Spellcasting   | 2 3 4 5 6 7 8 |  8.7
Armour         | 1 3 4 |  4.3
Dodging        | 2 3 4 |  4.6
Maces & Flails | 1 2 4 5 |  5.5
Fighting       | 1 2 3 |  3.4
Fire Magic     | 1 |  1.3

Action                   |  1- 3 |  4- 6 |  7- 9 | 10-12 || total
-------------------------+-------+-------+-------+-------++-------
Melee: Dagger            |    10 |       |       |       ||    10
       Whip              |     3 |     3 |       |       ||     6
       Flail             |       |       |    26 |    19 ||    45
 Cast: Magic Dart        |    97 |    60 |   118 |    38 ||   313
       Searing Ray       |     1 |    12 |    52 |    26 ||    91
       Conjure Flame     |       |       |     8 |       ||     8
       Dazzling Flash    |       |       |       |     1 ||     1
  Use: Scroll            |       |     3 |     3 |    11 ||    17
       Potion            |       |     1 |     1 |     2 ||     4
Armor: Robe              |     3 |       |       |       ||     3
       Leather armour    |       |     4 |    12 |       ||    16
       Steam dragon scal |       |       |     8 |     6 ||    14
Dodge: Dodged            |    13 |    13 |    40 |    35 ||   101

Table legend: (Time is in decaauts)
 A = Elapsed time spent in this place.
 B = Non-inter-level travel time spent in this place.
 C = Inter-level travel time spent in this place.
 D = Time resting spent in this place.
 E = Time spent auto-exploring this place.
 F = Levels seen in this place.
 G = Mean time per level.
                   A        B        C        D        E       F      G
               +--------+--------+--------+--------+--------+-----+--------+
         Total |   9641 |   9204 |    437 |    832 |   7038 |  10 |  964.1 |
       Dungeon |   8466 |   8043 |    423 |    723 |   6184 |   8 | 1058.2 |
          Lair |   1175 |   1161 |     14 |    109 |    854 |   2 |  587.5 |
               +--------+--------+--------+--------+--------+-----+--------+

Top non-repeatable levels by time:
     D:6: 1590 daAuts
     D:1: 1466 daAuts
     D:4: 1230 daAuts
     D:8: 1026 daAuts
  Lair:1: 952 daAuts
     D:3: 853 daAuts
     D:2: 787 daAuts
     D:5: 766 daAuts
     D:7: 746 daAuts
  Lair:2: 222 daAuts
